 Dungeon Crawl Stone Soup version 0.30-a0-948-g4fa250aae5 (webtiles) character file.

Game seed: 14591085761724193775

72183 avis the Grappler (level 14, 0/148 HPs)
             Began as a Demigod Transmuter on Mar 24, 2023.
             Slain by a spriggan rider
             ... wielding a +0 spear
             ... led by a spriggan druid
              (9 damage)
             ... on level 3 of the Lair of Beasts on Mar 26, 2023.
             The game lasted 03:06:28 (25292 turns).

avis the Grappler (Demigod Transmuter)             Turns: 25292, Time: 03:06:28

Health: 0/148      AC:  8    Str: 19    XL:     14   Next: 57%
Magic:  0/28       EV: 20    Int: 19    God:
Gold:   1027       SH:  0    Dex: 18    Spells: 17/27 levels left

rFire   x . .      SeeInvis .    b - melded +8 shortbow (freeze)
rCold   + + +      Faith    .    (shield currently unavailable)
rNeg    . . .      Spirit   +    D - melded +2 troll leather armour
rPois   +          Reflect  .    B - melded +2 hat
rElec   .          Rampage  .    (cloak currently unavailable)
rCorr   .                        V - melded +0 pair of gloves
Will    +....                    i - melded +0 pair of boots
Stlth   ++                       a - amulet of guardian spirit
HPRegen 0.44/turn                e - ring of flight
MPRegen 0.21/turn                P - +5 ring of evasion

@: ice-form, wereblooded, flying, hasted and slowed, studying Necromancy
A: freezing attack, amphibious, boosted hp, large, high MP 1, forlorn, divine
attributes
a: End Transformation


You were on level 3 of the Lair of Beasts.
You were a creature of crystalline ice.
You visited 5 branches of the dungeon, and saw 19 of its levels.
You also visited: Ice Cave.

You collected 1579 gold pieces.
You spent 552 gold pieces at shops.

Inventory:

Hand Weapons
 b - a +8 shortbow of freezing (melded)
Missiles
 u - 5 throwing nets (quivered)
 F - 3 boomerangs of dispersal
Armour
 i - a +0 pair of boots (melded)
 B - a +2 hat (melded)
 D - a +2 troll leather armour (melded)
 V - a +0 pair of gloves (melded)
Jewellery
 a - an amulet of guardian spirit (around neck)
 e - a ring of flight (left front paw)
 m - a +6 ring of strength
 z - a ring of fire
 P - a +5 ring of evasion (right front paw)
 T - a +6 ring of intelligence
Wands
 w - a wand of flame (12)
 C - a wand of polymorph (26)
 O - a wand of quicksilver (19)
 S - a wand of charming (7)
 W - a wand of mindburst (6)
Scrolls
 k - 11 scrolls of teleportation
 o - 4 scrolls of fog
 t - 4 scrolls of magic mapping {unknown}
 y - 2 scrolls of blinking
 A - 3 scrolls of poison
Potions
 f - a potion of brilliance
 g - 5 potions of lignification
 h - a potion of resistance
 j - 4 potions of flight
 l - a potion of berserk rage
 p - 2 potions of cancellation
 q - 4 potions of curing
 s - a potion of invisibility
 E - 2 potions of magic
Miscellaneous
 c - a phantom mirror
 d - a box of beasts
 J - a phial of floods


   Skills:
 - Level 11.0 Fighting
 - Level 10.0 Dodging
 - Level 1.0 Stealth
 - Level 14.0 Unarmed Combat
 - Level 7.0 Spellcasting
 - Level 10.0 Transmutations
 - Level 4.0 Ice Magic
 + Level 5.9 Earth Magic
 - Level 1.0 Poison Magic
 - Level 5.0 Evocations


You had 17 spell levels left.
You knew the following spells:

 Your Spells              Type           Power      Damage    Failure   Level
a - Beastly Appendage     Tmut           88%        N/A       1%          1
e - Wereblood             Tmut           44%        N/A       1%          2
p - Spider Form           Tmut/Pois      27%        N/A       3%          3
q - Ice Form              Ice/Tmut       33%        N/A       5%          4

Your spell library contained the following spells:

 Spells                   Type           Power      Damage    Failure   Level
 Sting                    Tmut/Pois      100%       1d8       1%          1
 Lee's Rapid Deconstruct  Erth           14%        3d9*      24%         5
 Statue Form              Tmut/Erth      24%        N/A       52%         6
 Airstrike                Air            3%         2d(1-17)  69%         4
 Summon Lightning Spire   Summ/Air       6%         N/A       69%         4
 Plasma Beam              Fire/Air       3%         2x1d14    95%         5
 Storm Form               Tmut/Air       12%        N/A       100%        7
 Maxwell's Capacitive Co  Air            3%         ∞         100%        8
 Shatter                  Erth           14%        3d14*     100%        9


Dungeon Overview and Level Annotations

Branches:
Dungeon (11/15)            Temple (1/1) D:7            Lair (5/5) D:10
  Swamp (1/4) Lair:3        Snake (1/4) Lair:3        Slime (0/5) Lair:5
    Orc (0/2) D:11          IceCv (visited)

Shops:
D:4 *[   Snake:1 (

Annotations:
D:7 2 transporters, Twinkles's ghost, novice HORe


Innate Abilities, Weirdness & Mutations

You are a creature of crystalline ice.
You have a powerful freezing melee attack.
You are amphibious.
Your maximum health is increased.
Your armour is entirely melded.
You are incapable of wielding weapons or throwing items.
You have an increased reservoir of magic. (+10% MP)
You shall have no god before yourself.
Your divine heritage dramatically boosts your attributes as you level up.


Message History

* * * LOW HITPOINT WARNING * * *
The spriggan hits you with a +0 rapier!
* * * LOW HITPOINT WARNING * * *
Blink to where?
Press: ? - help, Dir - move target
As you read the scroll of blinking, it crumbles to dust.
You feel much better.
The death drake no longer looks unusually strong.
You feel yourself speed up. The death drake breathes miasma at you.
The foul vapour engulfs you!
* * * LOW HITPOINT WARNING * * *
You punch the death drake!
The death drake seems to slow down.
You freeze the death drake.
The death drake is moderately wounded.
You are engulfed in dark miasma.
* * * LOW HITPOINT WARNING * * *
The death drake misses you.
You pummel the death drake!! You freeze the death drake.
The death drake is heavily wounded.
You are engulfed in dark miasma.
You feel yourself slow down.
* * * LOW HITPOINT WARNING * * *
You pummel the death drake!!
The death drake seems to slow down.
You freeze the death drake.
The death drake is almost dead.
You are engulfed in dark miasma.
* * * LOW HITPOINT WARNING * * *
The death drake barely misses you.
You closely miss the death drake.
The death drake is almost dead.
You are engulfed in dark miasma.
You feel as though you will be slow longer.
* * * LOW HITPOINT WARNING * * *
You feel better.
You are engulfed in dark miasma.
* * * LOW HITPOINT WARNING * * *
The spriggan rider barely misses you. The death drake barely misses you.
You barely miss the death drake.
The death drake is almost dead.
The spriggan rider hits you from afar with a +0 spear!
You die...

#.#..#.♣♣♣§§≈≈♣.##
#..#...♣≈≈§§§§≈♣.##
#..P..≈≈≈≈§§§§≈≈≈≈#
#......≈≈≈§§§§≈♣.##
####.P.##..♣○≈~≈i♣.##
#.##...##.#≈♣♣~≈≈.##
#..#.####...#...i..#
.#....# #..#....k.##
#....#####......Y## ###
##...#...#.#.....####.#
#.#.......###........##
######.....###........####
#..P###....####.#........#
...###.......####.......##
...###.....>.####.#.....#
....##.........###.###..##
....##.#.#.....# ####....#


You could see a death drake (slow, catching breath), a spriggan rider and a
spriggan.

Vanquished Creatures
  A dire elephant (Lair:5)
  Harold (Lair:2)
  2 catoblepae (Lair:5)
  3 hydras
  2 anacondas (Snake:1)
  4 boulder beetles
  3 naga warriors (Snake:1)
  5 two-headed ogres
  A deep troll shaman (Lair:5)
  12 death yaks
  Urug (Lair:5)
  5 naga sharpshooters (Snake:1)
  A fire crab (Lair:5)
  A salamander mystic (Snake:1)
  A skyshark (Lair:3)
  2 spriggan druids
  2 swamp dragons (Swamp:1)
  A necromancer (IceCv)
  4 mana vipers (Snake:1)
  An ugly thing (D:8)
  2 lindwurms (Lair:5)
  3 salamanders (Snake:1)
  12 elephants
  A guardian serpent (Lair:3)
  6 black mambas
  A naga mage (Snake:1)
  An ice statue (IceCv)
  A gargoyle (D:10)
  6 cane toads
  An unseen horror (D:10)
  Psyche (D:10)
  10 komodo dragons
  2 rime drakes (Lair:1)
  3 freezing wraiths (IceCv)
  15 ice devils (IceCv)
  7 trolls
  A troll (shapeshifter) (D:8)
  3 polar bears
  A tyrant leech (Lair:3)
  16 blink frogs
  A shadow (D:11)
  A jumping spider (shapeshifter) (D:8)
  2 wyverns
  3 dire elephant simulacra (IceCv)
  37 yaks
  7 vampire mosquitoes (D:11)
  3 steam dragons
  2 basilisks
  6 death yak simulacra (IceCv)
  9 nagas (Snake:1)
  Edmund (D:5)
  3 wargs (D:10)
  An acid dragon (D:11)
  A harpy simulacrum (IceCv)
  6 water moccasins
  A hydra simulacrum (IceCv)
  An ice beast (D:6)
  5 orc warriors
  3 sky beasts
  2 black bears
  3 ogres (D:11)
  6 wolves (Lair:5)
  4 centaurs
  3 phantoms
  5 kobold brigands
  18 bullfrogs
  5 gnoll sergeants
  9 cane toad simulacra (IceCv)
  A scorpion (D:4)
  A two-headed ogre simulacrum (IceCv)
  18 wights
  5 killer bees (D:9)
  An electric eel (Lair:3)
  A howler monkey (D:7)
  A hound (D:4)
  20 orc priests
  3 jellies
  Jessica (D:3)
  3 iguanas
  10 orc wizards
  4 hell rats (Lair:5)
  3 polar bear simulacra (IceCv)
  2 spriggan simulacra (IceCv)
  A troll simulacrum (IceCv)
  2 wolf simulacra (IceCv)
  4 adders
  17 gnolls
  2 naga simulacra (IceCv)
  4 shadow imps
  A white imp (D:7)
  2 ufetubi (D:6)
  2 worms
  3 dart slugs
  45 orcs
  7 endoplasms
  A giant cockroach (D:1)
  8 goblins
  12 hobgoblins
  6 jackals
  19 kobolds
  4 quokkas
  11 ball pythons
  6 bats
  2 frilled lizards
  7 rats
  A butterfly (D:7)
535 creatures vanquished.

Vanquished Creatures (others)
  An orc priest (D:8)
  2 orcs
  21 fungi
  62 plants
86 creatures vanquished.

Grand Total: 621 creatures vanquished

Notes
Turn   | Place    | Note
-------+----------+-------------------------------------------
     0 | D:1      | avis the Demigod Transmuter began the quest for the Orb.
     0 | D:1      | Reached XP level 1. HP: 15/15 MP: 5/5
    89 | D:1      | Reached skill level 1 in Fighting
   226 | D:1      | Reached skill level 3 in Unarmed Combat
   319 | D:1      | Reached XP level 2. HP: 7/23 MP: 5/7
   422 | D:1      | Reached skill level 1 in Stealth
  1122 | D:2      | Reached XP level 3. HP: 28/29 MP: 6/8
  1347 | D:2      | Learned a level 2 spell: Wereblood
  1351 | D:2      | Learned a level 3 spell: Spider Form
  1923 | D:2      | Reached XP level 4. HP: 22/36 MP: 6/9
  2002 | D:2      | Reached skill level 1 in Poison Magic
  2604 | D:3      | Noticed Jessica
  2610 | D:3      | Killed Jessica
  2611 | D:3      | Reached XP level 5. HP: 36/41 MP: 7/10
  2781 | D:3      | Reached skill level 4 in Unarmed Combat
  3141 | D:4      | Found Xoopilok's Elemental Accessories.
  3531 | D:4      | Found Valept's Antique Armour Emporium.
  3550 | D:4      | Reached XP level 6. HP: 33/48 MP: 7/12
  4565 | D:5      | Entered Level 5 of the Dungeon
  4575 | D:4      | Reached XP level 7. HP: 51/57 MP: 11/14
  4789 | D:4      | Learned a level 4 spell: Ice Form
  5027 | D:5      | Noticed Edmund
  5044 | D:5      | Killed Edmund
  5045 | D:5      | Reached skill level 5 in Unarmed Combat
  5765 | D:6      | Reached skill level 6 in Unarmed Combat
  6095 | D:6      | Reached skill level 5 in Transmutations
  6103 | D:6      | Reached XP level 8. HP: 24/63 MP: 12/15
  6474 | D:6      | Reached skill level 1 in Ice Magic
  7202 | D:6      | Reached skill level 5 in Fighting
  8070 | D:7      | Found a transporter.
  8073 | D:7      | Noticed Twinkles's ghost (novice HORe)
  8075 | D:7      | Noticed a troll
  8105 | D:7      | Found a transporter.
  8637 | D:7      | Found a staircase to the Ecumenical Temple.
  8644 | Temple   | Entered the Ecumenical Temple
  8833 | D:7      | Reached skill level 5 in Dodging
  8833 | D:7      | Reached XP level 9. HP: 74/74 MP: 11/16
  9217 | Temple   | Upgraded the game from 0.30-a0-937-ga0a21ad780 to
                  | 0.30-a0-939-gc8157cb160
  9355 | D:8      | Reached skill level 7 in Unarmed Combat
  9496 | D:7      | Reached skill level 8 in Unarmed Combat
  9830 | D:8      | Noticed a two-headed ogre
  9836 | D:8      | Killed a two-headed ogre
  9884 | D:8      | Noticed a boulder beetle
  9906 | D:8      | Noticed a brown ugly thing
  9920 | D:8      | Killed a brown ugly thing
  9921 | D:8      | Reached XP level 10. HP: 53/83 MP: 6/19
 10225 | D:8      | Killed a boulder beetle
 11011 | D:8      | Got Sif Muna's Codex of Pollution
 11558 | D:9      | Noticed a boulder beetle
 11672 | D:9      | Killed a boulder beetle
 12573 | D:10     | Entered Level 10 of the Dungeon
 12869 | D:10     | Reached XP level 11. HP: 94/94 MP: 7/20
 12881 | D:10     | Found a staircase to the Lair.
 13053 | D:10     | Noticed Psyche
 13059 | D:10     | Killed Psyche
 13060 | D:10     | Reached skill level 9 in Unarmed Combat
 13627 | Lair:1   | Entered Level 1 of the Lair of Beasts
 13761 | Lair:1   | Reached skill level 10 in Unarmed Combat
 13838 | Lair:1   | Identified the +0 leather armour of Batuh {Str+2}
 13930 | Lair:1   | Found a frozen archway.
 13950 | IceCv    | Entered an ice cave
 14016 | IceCv    | Reached skill level 11 in Unarmed Combat
 14697 | IceCv    | HP: 4/112 [death yak simulacrum (2)]
 14736 | IceCv    | Reached skill level 12 in Unarmed Combat
 15433 | IceCv    | Noticed a necromancer
 15443 | IceCv    | Killed a necromancer
 15444 | IceCv    | Reached XP level 12. HP: 59/104 MP: 10/21
 16879 | Lair:1   | Reached skill level 10 in Fighting
 17484 | Lair:2   | Reached skill level 10 in Dodging
 17559 | Lair:2   | Noticed Harold
 17571 | Lair:2   | Killed Harold
 18153 | Lair:3   | Reached skill level 5 in Spellcasting
 18380 | Lair:3   | Found a staircase to the Snake Pit.
 18402 | Lair:3   | Noticed an eight-headed hydra
 18412 | Lair:3   | Killed an eight-headed hydra
 18822 | Lair:3   | Found a staircase to the Swamp.
 19156 | D:11     | Found a staircase to the Orcish Mines.
 19183 | D:11     | Reached XP level 13. HP: 113/113 MP: 15/26
 20270 | Lair:1   | Upgraded the game from 0.30-a0-939-gc8157cb160 to
                  | 0.30-a0-948-g4fa250aae5
 20501 | Lair:3   | Reached skill level 10 in Transmutations
 21214 | Lair:4   | Reached skill level 13 in Unarmed Combat
 21553 | Lair:5   | Entered Level 5 of the Lair of Beasts
 21811 | Lair:5   | Noticed Urug
 21872 | Lair:5   | Killed Urug
 22163 | Lair:5   | Found a staircase to the Slime Pits.
 22190 | Lair:5   | Reached skill level 1 in Evocations
 22427 | Lair:5   | Reached skill level 14 in Unarmed Combat
 22440 | Lair:5   | Reached XP level 14. HP: 102/121 MP: 9/28
 22729 | Lair:5   | Reached skill level 5 in Evocations
 23143 | D:4      | Bought the Catalogue of Orogeny for 552 gold pieces
 23353 | Snake:1  | Entered Level 1 of the Snake Pit
 23382 | Snake:1  | Reached skill level 1 in Earth Magic
 23421 | Snake:1  | Found Memmuray's Antique Weapon Emporium.
 23796 | Snake:1  | Reached skill level 5 in Earth Magic
 25158 | Swamp:1  | Entered Level 1 of the Swamp
 25290 | Lair:3   | HP: 6/148 [death drake][a spriggan druid] (7)]
 25292 | Lair:3   | Slain by a spriggan rider

Illustrated notes

Levels and vault maps discovered:
D:1:      wander_arrival_desolate, layout_basic, minmay_misc_feat_encased
D:2:      layout_basic, roderic_roman_lattice
D:3:      layout_basic, kennysheep_doodads, uniq_jessica
D:4:      black_bear_nest_2, layout_loops_corners, serial_shops,
          nicolae_shop_overgrown_old_shop, nicolae_elemental_shop
D:5:      layout_gridville, grunt_temple_overflow_growth_and_decay,
          minivault_14, uniq_edmund
D:6:      layout_basic, amethyst_overflow_temple_binary, serial_bayou_lagoon_a
D:7:      layout_basic, minmay_temple_entry_butterflies, gammafunk_ghost_arena,
          dk_rats_in_the_wall
D:8:      layout_basic, led_sif_book, enter_bailey_4, minmay_shattered_shrine
D:9:      layout_basic
D:10:     layout_basic, nicolae_overflow_hidden_temple,
          erik_lair_orcish_takeover, uniq_psyche
D:11:     layout_irregular_city, kennysheep_orc_monster_closet_entryway
Temple:   chequers_temple_sunken
Lair:1:   layout_regular_city, basic_altar, portal_ice_cave_rime,
          lemuel_fruit_tree
Lair:2:   layout_misc_corridors, uniq_harold
Lair:3:   layout_misc_corridors, swamp_mist_pool,
          minmay_snake_entry_spellcaster, grunt_megastairs_5
Lair:4:   layout_misc_corridors, cheibrodos_lair_reptile_den
Lair:5:   grunt_lair_end_beastmaster, layout_misc_corridors, slime_entry_1,
          st_stairs_6, serial_bayou_pond_b, nicolae_lair_lindhole, uniq_urug
Swamp:1:  layout_basic_swamp, evilmike_swamp_ruin_house_3, swamp_pool1,
          uniq_roxanne, uniq_mlioglotl, uniq_frances
Snake:1:  layout_gridlike, serial_shops, shop, drop_trap, grunt_megastairs_2

Skill      XL: |  1  2  3  4  5  6  7  8  9 10 11 12 13 14 |
---------------+-------------------------------------------+-----
Fighting       | 1 2 3 5 6 8 9 10 11 | 11.0
Unarmed Combat | 3 4 6 8 12 14 | 14.0
Dodging        | 2 3 5 6 8 10 | 10.0
Stealth        | 1 |  1.0
Spellcasting   | 2 3 4 6 7 |  7.0
Transmutations | 2 3 4 5 6 8 10 | 10.0
Poison Magic   | 1 |  1.0
Ice Magic      | 4 |  4.0
Evocations     | 3 5 |  5.0
Earth Magic    | 5 |  5.9

Action                     |  1- 3 |  4- 6 |  7- 9 | 10-12 | 13-15 || total
---------------------------+-------+-------+-------+-------+-------++-------
  Melee: Unarmed           |   109 |   130 |   331 |   611 |   475 ||  1656
         Kick              |    16 |    12 |     7 |     1 |     6 ||    42
         Headbutt          |     8 |     7 |     8 |     1 |     6 ||    30
         Punch             |     1 |     1 |     1 |       |     2 ||     5
         Dagger            |       |       |       |     4 |       ||     4
   Fire: Shortbow          |       |       |       |    45 |    25 ||    70
  Throw: Stone             |     9 |    11 |       |       |       ||    20
   Cast: Beastly Appendage |    32 |    28 |     7 |     1 |     2 ||    70
         Spider Form       |       |    18 |    44 |    13 |     8 ||    83
         Ice Form          |       |       |     5 |    56 |    43 ||   104
         Wereblood         |       |       |     1 |     8 |    13 ||    22
Ability: End Transformatio |       |       |     1 |     2 |     3 ||     6
  Evoke: Wand              |       |       |       |     1 |       ||     1
    Use: Potion            |     1 |       |     3 |     5 |     6 ||    15
         Scroll            |       |     9 |     2 |    14 |     9 ||    34
   Stab: Sleeping          |     1 |     3 |     2 |     3 |     1 ||    10
         Distracted        |       |       |     1 |       |       ||     1
         Invisible         |       |       |       |     1 |       ||     1
         Petrified         |       |       |       |       |     4 ||     4
 Armour: Robe              |    16 |     2 |    10 |       |       ||    28
         Skin              |     5 |     5 |    12 |    79 |    61 ||   162
         Steam dragon scal |       |       |       |     9 |     2 ||    11
  Dodge: Dodged            |    45 |    70 |   284 |   457 |   413 ||  1269

Table legend: (Time is in decaauts)
 A = Elapsed time spent in this place.
 B = Non-inter-level travel time spent in this place.
 C = Inter-level travel time spent in this place.
 D = Time resting spent in this place.
 E = Time spent auto-exploring this place.
 F = Levels seen in this place.
 G = Mean time per level.
                   A        B        C        D        E       F      G
               +--------+--------+--------+--------+--------+-----+--------+
         Total |  25124 |  22193 |   2931 |   5574 |   8832 |  20 | 1256.2 |
       Dungeon |  15137 |  13298 |   1839 |   2744 |   6483 |  11 | 1376.1 |
        Temple |     28 |     24 |      4 |      0 |      0 |   1 |   28.0 |
          Lair |   6448 |   5435 |   1013 |   1248 |   1889 |   5 | 1289.6 |
         Swamp |     16 |     16 |      0 |      0 |      0 |   1 |   16.0 |
     Snake Pit |   1560 |   1485 |     75 |    410 |    366 |   1 | 1560.0 |
      Ice Cave |   1932 |   1932 |      0 |   1172 |     94 |   1 | 1932.0 |
               +--------+--------+--------+--------+--------+-----+--------+

Top non-repeatable levels by time:
     D:8: 2232 daAuts
     D:6: 1967 daAuts
   IceCv: 1932 daAuts
     D:4: 1589 daAuts
  Lair:1: 1576 daAuts
 Snake:1: 1560 daAuts
     D:5: 1439 daAuts
  Lair:3: 1424 daAuts
     D:7: 1394 daAuts
     D:2: 1288 daAuts
  Lair:4: 1210 daAuts
     D:1: 1208 daAuts
  Lair:2: 1150 daAuts
    D:11: 1111 daAuts
    D:10: 1088 daAuts
